 Dungeon Crawl Stone Soup version 0.28-a0-563-gf77a47075d (webtiles) character file.

Game seed: 17882227249593354919

53 iamoutofideas the Chopper (level 3, -1/31 HPs)
             Began as a Hill Orc Gladiator on Oct 1, 2021.
             Slain by Robin (12 damage)
             ... on level 3 of the Dungeon.
             The game lasted 00:01:33 (1764 turns).

iamoutofideas the Chopper (Hill Orc Gladiator)      Turns: 1764, Time: 00:01:34

Health: -1/31      AC:  4    Str: 17    XL:     3   Next: 87%
Magic:  3/3        EV: 12    Int:  8    God:
Gold:   63         SH:  0    Dex: 12    Spells: 2/2 levels left

rFire   . . .      SeeInvis .   a - +0 war axe
rCold   . . .      Faith    .   (no shield)
rNeg    . . .      Spirit   .   b - +0 leather armour
rPois   .          Reflect  .   c - +0 helmet
rElec   .          Harm     .   i - scarf {shadows}
rCorr   .          Rampage  .   (no gloves)
Will    .....                   (no boots)
Stlth   +.........              (no amulet)
HPRegen 0.10/turn               (no ring)
MPRegen 0.08/turn               (no ring)

@: no status effects
A: no striking features
a: no special abilities


You were on level 3 of the Dungeon.
You visited 1 branch of the dungeon, and saw 3 of its levels.

You collected 63 gold pieces.

Inventory:

Hand Weapons
 a - a +0 war axe (weapon)
Missiles
 d - 3 throwing nets (quivered)
Armour
 b - a +0 leather armour (worn)
 c - a +0 helmet (worn)
 i - a scarf of shadows (worn)
Jewellery
 m - a ring of flight
Scrolls
 e - a scroll of amnesia {unknown}
 f - 2 scrolls of fear
 g - a scroll of teleportation {unknown}
 h - a scroll of fog {unknown}
 j - a scroll of identify {unknown}
 k - a scroll of enchant weapon {unknown}
 n - a scroll of immolation {unknown}
Potions
 l - a potion of berserk rage {unknown}


   Skills:
 + Level 3.0 Fighting
 + Level 5.8 Axes
 - Level 1.7 Throwing
 - Level 2.4 Dodging


You had 2 spell levels left.
You didn't know any spells.
Your spell library contained the following spells:

 Spells                   Type           Power      Damage    Failure   Level
 Animate Skeleton         Necr           0%         N/A       47%         1
 Pain                     Necr           0%         1d4       47%         1
 Corpse Rot               Necr/Air       N/A        N/A       63%         2
 Poisonous Vapours        Pois/Air       0%         N/A       63%         2
 Vampiric Draining        Necr           0%         2d6       85%         3


Dungeon Overview and Level Annotations

Branches:
Dungeon (2/15)

Altars:

Shops:
D:1 (

Annotations:
D:3 Robin


Message History

You completely miss the goblin.
The goblin shouts!
The goblin hits you but does no damage.
You slash the goblin!
You kill the goblin!
You hit the hobgoblin but do no damage. Robin throws the goblin at you!
The goblin barely misses you. The hobgoblin barely misses you.
Robin roars a battlecry!
The goblins go into a battle-frenzy!
You barely miss the hobgoblin. You closely miss the goblin.
The goblin barely misses you. The hobgoblin completely misses you.
The goblin hits you with a +0 dagger. The hobgoblin hits you.
You slash the hobgoblin!
You kill the hobgoblin!
You closely miss the goblin. The goblin misses you.
The hobgoblin closely misses you.
You slash the goblin!
You kill the goblin!
You hit the hobgoblin. The hobgoblin misses you.
Things that are here:
a +0 dagger; a goblin corpse You hit the hobgoblin but do no damage.
The hobgoblin is almost dead.
The hobgoblin completely misses you.
You slash the hobgoblin!
You kill the hobgoblin!
The hobgoblin hits you.
You slash the hobgoblin!
You kill the hobgoblin!
You hit Robin.
Robin is moderately wounded.
Robin barely misses you.
You hit Robin.
Robin is moderately wounded.
Robin barely misses you.
You hit Robin.
Robin is heavily wounded.
Robin hits you with a +3 falchion of electrocution.
You are electrocuted!
You die... # #######.#..# #..@g)...... #.#####.#..# # #

You could see Robin.

Vanquished Creatures
  2 dart slugs
  3 bats
  5 endoplasms (D:1)
  11 goblins
  3 hobgoblins (D:3)
  2 jackals (D:1)
  8 kobolds
  A quokka (D:1)
  3 ball pythons (D:1)
  3 frilled lizards
  7 rats
48 creatures vanquished.

Vanquished Creatures (others)
  4 plants (D:1)
4 creatures vanquished.

Grand Total: 52 creatures vanquished

Notes
Turn   | Place    | Note
-------+----------+-------------------------------------------
     0 | D:1      | iamoutofideas the Hill Orc Gladiator began the quest for
                  | the Orb.
     0 | D:1      | Reached XP level 1. HP: 18/18 MP: 1/1
   187 | D:1      | Reached XP level 2. HP: 24/25 MP: 2/2
   252 | D:1      | Found Wodypri's Weapon Shop.
   339 | D:1      | Reached skill level 5 in Axes
   750 | D:1      | Reached XP level 3. HP: 27/30 MP: 3/3
  1727 | D:2      | You fall into a shaft and drop 1 floor!
  1746 | D:3      | Noticed Robin
  1764 | D:3      | Slain by Robin

Illustrated notes

Levels and vault maps discovered:
D:1:      grunt_arrival_lava_bath, layout_rooms, serial_bayou,
          serial_bayou_lagoon_b, serial_bayou_lake_a, serial_bayou_shore_a,
          serial_bayou_shore_b, serial_bayou_pond_d, serial_shops, shop,
          dk_noncrumbling_3, minmay_misc_feat_tiny, chequers_avenue,
          st_stairs_1, hangedman_decor_clover_reticule
D:2:      layout_rooms, serial_glass, glass_columns_b, glass_columns_b,
          ebering_dispersal_statue_hall
D:3:      layout_basic, grunt_ministairs_4, chequers_serial_rivers_room_b,
          bh_walls_and_bars, uniq_jessica, uniq_robin

Skill      XL: |  1  2  3 |
---------------+----------+-----
Axes           | 5 |  5.8
Fighting       | 3 |  3.0
Throwing       | |  1.7
Dodging        | |  2.4

Action                   || total
-------------------------++-------
Melee: War axe           ||   112
  Use: Scroll            ||     1
Armor: Leather armour    ||    43
Dodge: Dodged            ||    93

Table legend: (Time is in decaauts)
 A = Elapsed time spent in this place.
 B = Non-inter-level travel time spent in this place.
 C = Inter-level travel time spent in this place.
 D = Time resting spent in this place.
 E = Time spent auto-exploring this place.
 F = Levels seen in this place.
 G = Mean time per level.
                   A        B        C        D        E       F      G
               +--------+--------+--------+--------+--------+-----+--------+
         Total |   1888 |   1858 |     30 |    211 |   1358 |   3 |  629.3 |
       Dungeon |   1888 |   1858 |     30 |    211 |   1358 |   3 |  629.3 |
               +--------+--------+--------+--------+--------+-----+--------+

Top non-repeatable levels by time:
     D:1: 1429 daAuts
     D:2: 415 daAuts
     D:3: 43 daAuts
